 Dungeon Crawl Stone Soup version 0.18-a0-1788-g92de1ac (webtiles) character file.

263 Mefis the Magician (level 5, 0/28 HPs)
             Began as a Deep Elf Wizard on Apr 20, 2016.
             Was a Follower of Yredelemnul.
             Slain by an ogre
             ... wielding a +0 giant spiked club
              (16 damage)
             ... on level 5 of the Dungeon.
             The game lasted 00:41:23 (3844 turns).

Mefis the Magician (Deep Elf Wizard)                Turns: 3844, Time: 00:41:28

Health: 0/28       AC:  6    Str:  6 (8)  XL:     5   Next: 98%
Magic:  4/16       EV: 13    Int: 23 (24) God:    Yredelemnul [*.....]
Gold:   224        SH:  0    Dex: 13      Spells: 5 memorised, 8 levels left

rFire  . . .     SeeInvis .     l - +1 spear (venom)
rCold  . . .     Gourm    .     B - +0 animal skin
rNeg   . . .     Faith    .     (no shield)
rPois  .         Spirit   .     K - +0 helmet
rElec  .         Dismiss  .     p - +0 cloak
rCorr  .         Reflect  .     G - +0 pair of gloves (curse)
SustAt .         Harm     .     q - +0 pair of boots
MR     .....                    (no amulet)
Stlth  ++........               (no ring)
                                o - +4 ring of strength

@: repel missiles, not resistant to hostile enchantments, unstealthy
A: no striking features
a: Animate Remains, Renounce Religion


You were on level 5 of the Dungeon.
You worshipped Yredelemnul.
Yredelemnul was aware of your devotion.
You were not hungry.

You visited 1 branch of the dungeon, and saw 5 of its levels.

You collected 224 gold pieces.

Inventory:

Hand Weapons
 l - a +1 spear of venom (weapon)
 z - a +0 hunting sling
 F - a +3 short sword
Missiles
 s - 46 arrows
 w - 166 stones
 D - a throwing net (quivered)
 E - 38 sling bullets
Armour
 a - a +0 robe
 b - a +0 hat
 p - a +0 cloak (worn)
 q - a +0 pair of boots (worn)
 B - a +0 animal skin (worn)
 G - a cursed +0 pair of gloves (worn)
 K - a +0 helmet (worn)
Jewellery
 o - a +4 ring of strength (left hand)
Wands
 A - a wand of digging (9/24)
 J - a wand of disintegration (12/24)
Scrolls
 d - 2 scrolls of magic mapping
 g - 3 scrolls of remove curse
 i - 3 scrolls of teleportation
 k - a scroll of fog
 n - a scroll of enchant weapon {unknown}
 x - a scroll of identify
 y - 2 scrolls of enchant armour {unknown}
 I - a scroll of random uselessness {unknown}
 P - a scroll of blinking {unknown}
Potions
 e - 2 potions of lignification
 f - a potion of heal wounds {unknown}
 m - 2 potions of curing
 r - 2 potions of ambrosia
 t - a potion of berserk rage
 u - a potion of agility {unknown}
 v - a potion of brilliance {unknown}
 C - a potion of degeneration
 H - a potion of might {unknown}
 M - a potion of beneficial mutation {unknown}
Books
 c - a book of Minor Magic

   Spells                             Type                      Level
   a - Magic Dart                     Conjuration                  1
   b - Blink                          Translocation                2
   c - Call Imp                       Summoning                    2
   d - Repel Missiles                 Charms/Air                   2
   e - Slow                           Hexes                        2
   f - Conjure Flame                  Conjuration/Fire             3
   g - Mephitic Cloud                 Conjuration/Poison/Air       3
Comestibles
 h - 3 meat rations
 j - a slice of pizza
 L - 4 fruits
 N - 2 bread rations
 O - a royal jelly
 Q - 3 chunks of flesh


   Skills:
 + Level 0.4 Fighting
 + Level 0.2 Short Blades
 + Level 0.4 Slings
 + Level 3.7 Dodging
 + Level 3.1 Stealth
 + Level 6.7 Spellcasting
 + Level 2.6 Conjurations
 + Level 0.3 Hexes
 + Level 2.2 Summonings
 + Level 1.1 Translocations


You had 8 spell levels left.
You knew the following spells:

 Your Spells              Type           Power        Failure   Level  Hunger
a - Magic Dart            Conj           ###.         2%          1    None
b - Call Imp              Summ           ###.....     6%          2    None
c - Slow                  Hex            #.......     12%         2    None
d - Blink                 Tloc           N/A          10%         2    None
e - Repel Missiles        Chrm/Air       #.....       14%         2    None


Dungeon Overview and Level Annotations

Branches:
Dungeon (5/15)
 Temple: D:4-7

Altars:
Pakellas
Yredelemnul
Zin
The Shining One


Message History

Confirm with . or Enter, or press ? or * to list all spells.
A beastly little devil appears in a puff of flame.
Wear which item? (? for menu, Esc to quit)
Okay, then.
Wield which item (- for none, * to show all)? (? for menu, Esc to quit)
It begins to drip with poison!
l - a +1 spear of venom (weapon)
You hit the ogre.
The ogre is poisoned.
The ogre is heavily wounded.
Your crimson imp hits the ogre.
The ogre hits you with a giant spiked club!
Your crimson imp hits the ogre.
Your magical contamination has completely faded away.
Casting: Call Imp
Confirm with . or Enter, or press ? or * to list all spells.
A beastly little devil appears in a puff of flame.
The ogre hits you with a giant spiked club!
Ouch! That really hurt!
You die...
Your body rises from the dead as a mindless zombie.

#.# #.####
.....# #.##.#
#.##.# #5##.#
#.##.# #@##.#
#<#####O##.#
......55##%##
#...........#
##########..#
#..######.#.#
#...<......#
##........##
#########.#


You could see an ogre and 3 friendly crimson imps.

Vanquished Creatures
  A howler monkey (D:5)
  A hound (D:5)
  An orc priest (D:4)
  A giant frog skeleton (D:4)
  Terence (D:3)
  A howler monkey skeleton (D:4)
  An adder (D:3)
  An ooze (D:1)
  An adder skeleton (D:4)
  2 worms (D:3)
  A dart slug (D:2)
  A giant gecko (D:3)
  An orc (D:3)
  A ball python (D:2)
  2 bats (D:3)
  A giant cockroach (D:3)
  8 goblins
  4 hobgoblins
  4 jackals (D:4)
  3 quokkas
  4 kobolds
  3 rats
44 creatures vanquished.

Vanquished Creatures (collateral kills)
  A worker ant (D:4)
  2 orc wizards (D:4)
  Robin (D:4)
  2 orcs
  A giant cockroach (D:4)
  6 goblins
  3 hobgoblins
  A kobold (D:3)
17 creatures vanquished.

Grand Total: 61 creatures vanquished

Notes
Turn   | Place    | Note
--------------------------------------------------------------
     0 | D:1      | Mefis the Deep Elf Wizard began the quest for the Orb.
     0 | D:1      | Reached XP level 1. HP: 10/10 MP: 7/7
   717 | D:1      | Reached XP level 2. HP: 11/15 MP: 3/9
   755 | D:1      | Reached skill level 5 in Spellcasting
   764 | D:1      | Learned a level 2 spell: Call Imp
   767 | D:1      | Learned a level 2 spell: Slow
   770 | D:1      | Learned a level 2 spell: Blink
   773 | D:1      | Learned a level 2 spell: Repel Missiles
  1283 | D:2      | Found a glowing golden altar of the Shining One.
  1636 | D:3      | Found a glowing golden altar of the Shining One.
  1768 | D:3      | Found a basalt altar of Yredelemnul.
  1768 | D:3      | Noticed Terence
  1802 | D:3      | Killed Terence
  1802 | D:3      | Reached XP level 3. HP: 11/19 MP: 2/12
  1819 | D:3      | Became a worshipper of Yredelemnul the Dark
  1977 | D:3      | Reached XP level 4. HP: 24/24 MP: 3/13
  2009 | D:3      | Reached skill level 6 in Spellcasting
  2764 | D:4      | Found a glowing silver altar of Zin.
  2771 | D:4      | Noticed Robin
  2776 | D:4      | Reached * piety under Yredelemnul
  2785 | D:4      | Killed Robin
  2913 | D:4      | Reached XP level 5. HP: 10/28 MP: 9/15
  3540 | D:4      | Found an oddly glowing altar of Pakellas.
  3803 | D:5      | Entered Level 5 of the Dungeon
  3832 | D:5      | Noticed an ogre
  3844 | D:5      | Slain by an ogre

Vault maps used:
D:1:      minmay_arrival_four_houses
D:2:      lemuel_doored_altar
D:3:      lemuel_coloured_pillars_altar, nicolae_tso_swordbearing_angel,
          uniq_terence
D:4:      nicolae_overflow_crystal_walls, old_standard_altar, first_bread,
          uniq_robin
D:5:      lemuel_upstairs_altar, uniq_sigmund

Skill      XL: |  1  2  3  4  5 |
---------------+----------------+-----
Spellcasting   | 5 6 |  6.7
Conjurations   | 2 |  2.6
Dodging        | 3 |  3.7
Stealth        | 3 |  3.1
Summonings     | 2 |  2.2
Fighting       | |  0.4
Short Blades   | |  0.2
Slings         | |  0.4
Hexes          | |  0.3
Translocations | |  1.1

Action                   |  1- 3 |  4- 6 || total
-------------------------+-------+-------++-------
Melee: Spear             |    26 |     1 ||    27
       Short sword       |       |    25 ||    25
 Fire: Hunting sling     |       |     7 ||     7
Throw: Throwing net      |       |     2 ||     2
 Cast: Magic Dart        |    40 |    41 ||    81
       Call Imp          |     4 |    22 ||    26
       Repel Missiles    |     1 |     1 ||     2
       Slow              |     1 |       ||     1
  Use: Scroll            |     6 |     1 ||     7
       Potion            |     2 |     3 ||     5
 Stab: Sleeping          |     2 |     2 ||     4
  Eat: Bread ration      |     1 |     1 ||     2
       Fruit             |       |     1 ||     1
Armor: Robe              |    10 |     5 ||    15
       Animal skin       |       |     7 ||     7
Dodge: Dodged            |    13 |    31 ||    44
       Deflected         |     1 |       ||     1
